 Dungeon Crawl Stone Soup version 0.22-a0-283-g1871b15 (webtiles) character file.

46 Azzok the Digger (level 3, 0/19 HPs)
             Began as a Deep Elf Earth Elementalist on Mar 19, 2018.
             Slain by an orc
             ... wielding a +0 war axe
              (9 damage)
             ... on level 2 of the Dungeon.
             The game lasted 00:02:05 (1476 turns).

Azzok the Digger (Deep Elf Earth Elementalist)      Turns: 1476, Time: 00:02:05

Health: 0/19       AC:  2    Str:  5    XL:     3   Next: 44%
Magic:  1/9        EV: 13    Int: 20    God:
Gold:   57         SH:  0    Dex: 15    Spells: 4/8 levels left

rFire    . . .     SeeInvis .   (no weapon)
rCold    . . .     Gourm    .   (no shield)
rNeg     . . .     Faith    .   c - +0 robe
rPois    .         Spirit   .   (no helmet)
rElec    .         Reflect  .   (no cloak)
rCorr    .         Harm     .   (no gloves)
MR       .....                  (no boots)
Stlth    ++........             (no amulet)
HPRegen  0.06/turn              (no ring)
MPRegen  0.11/turn              (no ring)

@: no status effects
A: no striking features
a: no special abilities


You were on level 2 of the Dungeon.
You were hungry.

You visited 1 branch of the dungeon, and saw 2 of its levels.

You collected 57 gold pieces.

Inventory:

Missiles
 b - 39 stones (quivered)
Armour
 c - a +0 robe (worn)
Scrolls
 f - 2 scrolls of remove curse {unknown}
 g - a scroll of fear {unknown}
 h - 2 scrolls of identify {unknown}
 i - a scroll of immolation {unknown}
Potions
 a - a potion of curing {unknown}
 e - 2 potions of resistance {unknown}
 j - a potion of lignification {unknown}
 k - a potion of heal wounds {unknown}
 m - a potion of ambrosia {unknown}
Comestibles
 d - 4 rations
 l - a chunk of flesh


   Skills:
 - Level 2.4 Dodging
 - Level 2.4 Stealth
 - Level 3.0 Spellcasting
   Level 1.1 Transmutations
 + Level 5.0 Earth Magic


You had 4 spell levels left.
You knew the following spells:

 Your Spells              Type           Power        Failure   Level  Hunger
a - Sandblast             Erth           ###...       1%          1    None
b - Stone Arrow           Conj/Erth      ##....       16%         3    ###....


Dungeon Overview and Level Annotations

Branches:
Dungeon (2/15)

Altars:


Message History

The orc hits you with a war axe!
Ouch! That really hurt!
You hit the orc.
The orc is severely wounded.
The orc misses you.
You hit the orc but do no damage.
The orc is heavily wounded.
The orc closely misses you.
Casting: Stone Arrow (safe; 16% risk of failure)
Confirm with . or Enter, or press ? or * to list all spells.
Aiming: Sandblast (safe; 1% risk of failure)
Press: ? - help, Shift-Dir - straight line, f/p - orc
Aim: an orc, wielding a war axe and wearing a chain mail (heavily wounded)
The blast of sand hits the orc.
The orc is heavily wounded.
b - 39 stones
* * * LOW MAGIC WARNING * * *
The orc barely misses you. The orc hits you with a war axe!
You die...

▒·▒▒ ▒···▒·▒▒▒······▒ ▒··▒ · ▒·▒▒
▒·······<······▒ ▒··▒▒ ▒··▒
▒···▒▒▒·▒······▒ ▒··▒▒▒▒▒ ▒▒·▒▒
▒▒▒·▒ ▒········▒ ▒▒▒·▒····
▒▒··▒▒▒▒▒·▒ ▒▒·······▒ ▒▒······†·
··········▒ ▒·▒▒▒▒▒▒▒▒▒··▒······
·▒▒······▒▒ ▒·▒▒▒·······▒▒······
▒▒▒·▒▒▒···▒▒▒▒··▒▒·▒▒▒▒▒▒▒▒······
▒·▒▒▒·▒·····▒·@o·▒ ▒······
▒···············▒▒ ▒······
▒·♣·♣·♣♣♣♣♣♣)▒▒·▒ ▒▒·····
▒▒▒·♣♣♣·♣♣♣ ♣··▒·▒▒▒▒▒▒▒ ······
·····♣♣♣♣_♣ ▒··········▒
·▒·♣·♣♣·♣·♣ ♣··········▒
··♣♣♣♣♣♣·♣♣♣ ▒··········▒
·▒··♣♣♣♣♣··♣♣♣···)······▒
··♣♣♣♣·♣♣♣·♣♣···········▒


You could see an orc.

Vanquished Creatures
  An adder (D:2)
  A dart slug (D:1)
  A leopard gecko (D:1)
  4 bats
  A giant cockroach (D:1)
  5 hobgoblins
  4 jackals (D:1)
  A ball python (D:1)
  2 frilled lizards (D:1)
  6 goblins (D:1)
  3 kobolds (D:1)
  A rat (D:1)
30 creatures vanquished.

Notes
Turn   | Place    | Note
-------+----------+-------------------------------------------
     0 | D:1      | Azzok the Deep Elf Earth Elementalist began the quest for the Orb.
     0 | D:1      | Reached XP level 1. HP: 10/10 MP: 6/6
   316 | D:1      | Reached XP level 2. HP: 15/15 MP: 2/8
   373 | D:1      | Reached skill level 4 in Earth Magic
   791 | D:1      | Reached XP level 3. HP: 19/19 MP: 7/9
   798 | D:1      | Learned a level 3 spell: Stone Arrow
  1251 | D:2      | Reached skill level 5 in Earth Magic
  1419 | D:2      | Found a faded altar of an unknown god.
  1476 | D:2      | Slain by an orc

Vault maps used:
D:1:      dpeg_arrival_simpleton_c
D:2:      chequers_ecumenical_altar_grove, minmay_misc_feat_square,
          minmay_stone_trees_medium

Skill      XL: |  1  2  3 |
---------------+----------+-----
Earth Magic    | 4 5 |  5.0
Dodging        | |  2.4
Stealth        | |  2.4
Spellcasting   | |  3.0
Transmutations | |  1.1

Action                   || total
-------------------------++-------
Melee: Unarmed           ||    20
 Cast: Sandblast         ||    33
       Stone Arrow       ||    10
  Eat: Chunk             ||     2
Armor: Robe              ||     6
Dodge: Dodged            ||    25

Table legend:
 A = Spawn XP
 B = Non-spawn XP
 C = Spawn XP percentage of total XP
 D = Spawn monster count
 E = Non-spawn monster count
 F = Spawn count percentage of total count
 G = Total turns spent on level
                    A         B        C        D         E        F      G
               +---------+---------+-------+---------+---------+-------+---------
         Total |       0 |      66 |   0.0 |       0 |      30 |   0.0 |  1476
               +---------+---------+-------+---------+---------+-------+---------
           D:1 |       0 |      44 |   0.0 |       0 |      25 |   0.0 |  1140
           D:2 |       0 |      22 |   0.0 |       0 |       5 |   0.0 |   336
               +---------+---------+-------+---------+---------+-------+---------
